 Dungeon Crawl Stone Soup version 0.20-a0-1026-gc3ddcbd (webtiles) character file.

383402 Alarkh the Black Belt (level 21, -5/205 HPs)
             Began as a Demonspawn Skald on Apr 20, 2017.
             Was the Champion of Okawaru.
             Slain by a Hell Sentinel (24 damage)
             ... summoned by a deep elf demonologist
             ... on level 3 of the Elven Halls.
             The game lasted 01:30:59 (44048 turns).

Alarkh the Black Belt (Demonspawn Skald)           Turns: 44048, Time: 01:31:00

Health: -5/205     AC: 19    Str: 13    XL:     21   Next: 94%
Magic:  27/27      EV: 23    Int: 18    God:    Okawaru [******]
Gold:   2898       SH: 28    Dex: 19    Spells: 16/24 levels left

rFire    . . .     SeeInvis +     - Unarmed
rCold    + . .     Gourm    .   R - +10 large shield of Ignorance {rN+ Int-4}
rNeg     + . .     Faith    .   I - +5 scale mail "Ullic" {+Blink rCorr Str-3 SInv}
rPois    .         Spirit   .   (helmet restricted)
rElec    +         Reflect  .   V - +0 cloak of Niygio Qout {+Inv rC+ Dex-4}
rCorr    +         Harm     .   (gloves unavailable)
MR       ++...                  a - +2 pair of boots {Fly}
Stlth    ++........             r - amulet of regeneration
Regen    2.9/turn               d - ring of Exuimuan {MR+ Str+4}
MPRegen  0.2/turn               L - +6 ring of evasion

@: lethally poisoned (-5 -> -6), liquid flames, about to teleport, flying,
glowing, studying Bows
A: antennae 1, claws 3, thin skeletal structure 2, agile 2, powered by death 3,
robust 2, electricity resistance, spiny 2
}: 2/15 runes: decaying, gossamer
a: Heroism, Finesse, Renounce Religion, Evoke Blink, Evoke Invisibility, Stop
Flying


You were on level 3 of the Elven Halls.
You worshipped Okawaru.
Okawaru was exalted by your worship.
You were not hungry.

You visited 8 branches of the dungeon, and saw 39 of its levels.
You also visited: Labyrinth, Ossuary and Ice Cave.

You collected 4414 gold pieces.
You spent 1516 gold pieces at shops.

Inventory:

Hand Weapons
 b - the +10 morningstar "Eos" {elec, Halo rElec}
   (You found it on level 12 of the Dungeon)

   Occasionally, upon striking a foe, it will discharge some electrical energy
   and cause terrible harm.
   It insulates you from electricity.
Armour
 a - a +2 pair of boots of flying (worn)
 I - the +5 scale mail "Ullic" (worn) {+Blink rCorr Str-3 SInv}
   (You found it on level 2 of the Vaults)

   It affects your strength (-3).
   It lets you see invisible.
   It lets you blink.
   It protects you from acid and corrosion.
 M - a +1 pair of boots of stealth
 R - the +10 large shield of Ignorance (worn) {rN+ Int-4}
   (You found it on level 9 of the Dungeon)

   It affects your intelligence (-4).
   It protects you from negative energy.
 V - the +0 cloak of Niygio Qout (worn) {+Inv rC+ Dex-4}
   (You found it on level 14 of the Dungeon)

   It affects your dexterity (-4).
   It protects you from cold.
   It lets you turn invisible.
Jewellery
 d - the ring of Exuimuan (left claw) {MR+ Str+4}
   (You bought it in a shop on level 6 of the Dungeon)

   [ring of protection from magic]

   It affects your strength (+4).
   It affects your resistance to hostile enchantments.
 f - an uncursed amulet of rage
 p - an uncursed ring of poison resistance
 r - an amulet of regeneration (around neck)
 s - an uncursed ring of protection from fire
 F - a cursed ring of teleportation
 L - a +6 ring of evasion (right claw)
 Q - an uncursed ring of resist corrosion
Wands
 t - a wand of paralysis (17/24)
 G - a wand of acid (9/15)
 P - a wand of digging (5/24)
 T - a wand of clouds (2/9)
 U - a wand of disintegration (8/24)
 W - a wand of paralysis (9/24)
 X - a wand of iceblast (9/15)
Scrolls
 e - 9 scrolls of identify
 i - 2 scrolls of enchant armour
 k - 17 scrolls of remove curse
 l - 4 scrolls of magic mapping
 n - a scroll of silence {unknown}
 q - 10 scrolls of teleportation
 u - 3 scrolls of recharging
 w - 5 scrolls of fog
 y - a scroll of vulnerability {unknown}
 A - 10 scrolls of blinking
 E - 2 scrolls of fear
 H - 2 scrolls of amnesia
Potions
 j - 3 potions of invisibility
 m - 19 potions of curing
 o - 7 potions of resistance
 x - 6 potions of agility
 z - 5 potions of haste
 B - a potion of berserk rage
 K - 4 potions of mutation
 N - 4 potions of might
Books
 C - a manual of Bows
Miscellaneous
 J - 2 phantom mirrors
 O - a lightning rod (4/4)
Comestibles
 c - 15 bread rations
 g - a chunk of flesh
 h - 2 meat rations
 D - a fruit


   Skills:
 + Level 16.0 Fighting
 + Level 12.8 Armour
 + Level 14.7 Dodging
 - Level 10.0 Stealth
 + Level 12.7 Shields
 * Level 20.7 Unarmed Combat
 - Level 2.0 Spellcasting
 - Level 2.6 Charms
 - Level 9.0 Invocations
 - Level 8.0 Evocations


You had 16 spell levels left.
You knew the following spells:

 Your Spells              Type           Power        Failure   Level  Hunger
a - Regeneration          Chrm/Necr      #.........   99%         3    ###....
b - Song of Slaying       Chrm           ##......     80%         2    ###....
c - Apportation           Tloc           #.....       95%         1    #......
d - Passwall              Tmut/Erth      #.........   99%         2    ###....


Dungeon Overview and Level Annotations

Branches:
Dungeon (15/15)            Temple (1/1) D:6            Lair (6/6) D:9
  Swamp (4/4) Lair:2       Spider (4/4) Lair:4        Slime (0/5) Lair:6
    Orc (2/2) D:10            Elf (3/3) Orc:2        Vaults (4/5) D:13
  Crypt (0/3) Vaults:2     Depths (0/5) D:15

Altars:
Ashenzari
Cheibriados
Dithmenos
Elyvilon
Fedhas
Gozag
Hepliaklqana
Kikubaaqudgha
Makhleb
Nemelex Xobeh
Okawaru
Qazlal
Ru
Sif Muna
Trog
Uskayaw
Vehumet
Wu Jian
Xom
Yredelemnul
Zin
The Shining One
Beogh

Shops:
D:6 =   D:8 :   D:11 =   Orc:2 [=*(   Vaults:2 [   Vaults:4 (


Innate Abilities, Weirdness & Mutations

You have claws for hands.
You have a moderately thin skeletal structure. (Dex +4, Stealth+)
You regenerate a lot of health from kills.
You are very robust. (+20% HP)
You are mostly covered in sharp spines.
You have a pair of small antennae on your head.
You are very agile. (Dex +4)
You are resistant to electric shocks. (rElec)


Message History

* * * LOW HITPOINT WARNING * * *
You feel sick.
The deep elf annihilator is empowered by the deep elf high priest's aura!
The deep elf master archer shoots an arrow.
You block the arrow.
The deep elf death mage beckons forth a restless soul!
The deep elf high priest utters a dark prayer and points at you.
Your life force is offered up.
* * * LOW HITPOINT WARNING * * *
The ghostly deep elf master archer is healed.
The deep elf annihilator is healed.
The deep elf high priest is healed.
The ghostly deep elf master archer shoots an arrow.
The arrow hits you!
* * * LOW HITPOINT WARNING * * *
You block the balrug's attack.
The deep elf master archer shoots an arrow.
You block the arrow.
The ghostly deep elf master archer shoots an arrow.
The arrow completely misses you. The Hell Sentinel hits you!!
You die...

.... e... . #.§.# .. #..*#
..⌠ . ##..*## ....
..###..E4e###.....
.......411e(....#
#......ee2@...#
#....)ee).### ###...ee###
###e### #.))# ###### #...#
###....####...#
##...)...#.##)##############
....()).......)..#.........#


You could see a Hell Sentinel, a Brimstone Fiend, a balrug, a deep elf master
archer, a ghostly deep elf master archer, 3 deep elf annihilators, a deep elf
death mage, a deep elf elementalist, a deep elf demonologist, 2 deep elf high
priests, a rust devil, a fire elemental, a chaos spawn and 2 lost souls.

Vanquished Creatures
  the Lernaean hydra (Swamp:4)
  Saint Roka (Orc:2)
  Arachne (Spider:4)
  A tentacled monstrosity (Vaults:4)
  Asterion (Elf:3)
  3 deep elf blademasters
  2 deep elf master archers (Elf:3)
  3 sphinxes (Elf:2)
  Frances (Swamp:2)
  A tengu reaver (Vaults:2)
  A thorn hunter (Swamp:3)
  A frost giant (Vaults:4)
  Roxanne (D:14)
  A fire giant (D:15)
  5 ghost moths (Spider:4)
  3 emperor scorpions
  Aizul (Swamp:2)
  5 deep elf sorcerers
  14 vault wardens
  4 deep elf elementalists (Elf:3)
  4 stone giants
  3 very ugly things (Vaults:2)
  2 entropy weavers
  16 ironheart preservers
  5 deep elf demonologists
  2 deep elf annihilators (Elf:3)
  3 spark wasps (Spider:4)
  Snorg (D:12)
  3 ettins
  A minotaur (Lab)
  3 deep elf death magi (Elf:3)
  3 deep elf high priests (Elf:3)
  5 yaktaur captains
  5 fire dragons
  11 ogre magi
  3 great orbs of eyes
  2 ice dragons
  Fannar (Lair:1)
  12 vault guards
  5 centaur warriors
  24 hydras
  35 two-headed ogres
  A merfolk avatar (Lair:6)
  2 ghost crabs
  A death knight (Vaults:4)
  3 tengu warriors
  3 deep troll shamans
  9 alligators
  29 dancing weapons
  14 death yaks
  2 orc high priests
  A large abomination (Elf:3)
  21 deep elf knights
  Sonja (Lair:1)
  Nergalle (Lair:1)
  3 unseen horrors
  24 skeletal warriors
  3 spriggan druids
  2 flayed ghosts
  A shadow wraith (Vaults:3)
  6 deep trolls
  A glowing orange brain (Vaults:4)
  9 swamp dragons
  5 wizards
  2 sea snakes (Lair:6)
  9 deep elf archers
  19 orc knights
  3 harpies
  10 ironbrand convokers
  2 necromancers
  4 orange crystal statues (D:9)
  A shadow dragon zombie (Vaults:4)
  A shambling mangrove (Swamp:1)
  31 ugly things
  4 oklob plants
  5 orc sorcerers
  21 wolf spiders
  60 deep elf magi
  21 orb spiders
  11 manticores
  A sphinx skeleton (Vaults:2)
  A moth of wrath (Spider:4)
  A fire giant skeleton (Vaults:2)
  7 cyclopes
  The ghost of Paps the Slasher, a novice DsFi of Hepliaklqana (D:7)
  4 black mambas
  A black mamba (shapeshifter) (D:13)
  3 ice statues (IceCv)
  10 elephants
  2 centaur zombies
  17 vault sentinels
  An eye of devastation (shapeshifter) (Vaults:4)
  2 torpor snails
  32 yaktaurs
  22 spiny frogs
  4 rime drakes
  8 demonic crawlers
  10 komodo dragons
  4 freezing wraiths
  10 ice devils (IceCv)
  An efreet (D:15)
  A yaktaur skeleton (Vaults:2)
  6 human skeletons
  A meliai (shapeshifter) (Vaults:3)
  33 jumping spiders
  A troll (shapeshifter) (Elf:2)
  A minotaur zombie (Lab)
  4 polar bears (Lair:6)
  11 trolls
  22 hornets
  2 wind drakes (Lair:6)
  5 tyrant leeches
  8 bog bodies
  Grinder (D:4)
  6 hippogriffs
  Prince Ribbit (Lair:3)
  A fire giant simulacrum (Vaults:3)
  5 dream sheep
  A stone giant simulacrum (Vaults:1)
  22 blink frogs
  A hippogriff (shapeshifter) (Vaults:4)
  5 shadows
  31 slime creatures
  An ettin skeleton (Vaults:2)
  3 air elementals
  10 spriggans
  40 tarantellas
  5 wyverns
  61 redbacks
  7 wraiths
  52 yaks
  5 water elementals
  2 fire elementals (Elf:1)
  Grum (Lair:1)
  A basilisk (shapeshifter) (Vaults:3)
  19 vampire mosquitoes
  3 basilisks
  2 human simulacra
  9 wargs
  3 hungry ghosts
  2 steam dragons
  2 soldier ants
  3 acid dragons
  10 water moccasins
  13 swamp worms
  2 hell hounds (Elf:2)
  A water moccasin (shapeshifter) (Vaults:1)
  5 porcupines
  49 orc warriors
  3 eyes of draining (D:15)
  2 sky beasts
  14 ice beasts
  16 swamp drakes
  3 black bears
  A black bear (shapeshifter) (Vaults:2)
  An ettin simulacrum (Vaults:3)
  2 phantoms
  33 ogres
  7 wolves
  5 boggarts (Vaults:2)
  4 necrophages
  13 centaurs
  20 crocodiles
  An elf skeleton (Vaults:2)
  5 big kobolds
  7 earth elementals
  2 gnoll sergeants
  20 bullfrogs
  6 scorpions
  An orc simulacrum (Vaults:2)
  17 killer bees
  A howler monkey (D:11)
  10 wights
  4 bullfrog zombies
  5 crimson imps
  4 jellies
  A draconian simulacrum (IceCv)
  2 quasits
  7 hounds
  4 human zombies (D:9)
  4 bullfrog skeletons
  7 centaur skeletons
  13 orc priests
  24 orc wizards
  Jessica (D:3)
  3 iguanas
  2 spriggan simulacra (IceCv)
  11 worker ants
  A troll simulacrum (IceCv)
  A killer bee zombie (D:7)
  2 centaur simulacra (IceCv)
  10 mummies
  2 hound skeletons
  9 gnolls
  11 adders
  2 naga simulacra (IceCv)
  2 ogre simulacra (IceCv)
  4 shadow imps
  An ooze (D:2)
  An adder zombie (D:7)
  6 leopard geckos
  92 orcs
  3 ball pythons (D:1)
  4 giant cockroaches
  7 hobgoblins
  11 jackals
  A quokka (D:2)
  4 bats (D:1)
  4 frilled lizards
  12 goblins
  5 hobgoblin zombies (Ossuary)
  15 kobolds
  A kobold zombie (Ossuary)
  4 orc zombies
  3 rats
  8 plants (D:12)
1680 creatures vanquished.

Vanquished Creatures (others)
  A fire giant (Vaults:2)
  2 hydras (Swamp:4)
  A deep elf knight (Elf:1)
  A shadow wraith (Vaults:4)
  A slime creature (Vaults:3)
  An orc wizard (Vaults:2)
  7 fungi
  11 plants
25 creatures vanquished.

Grand Total: 1705 creatures vanquished

Notes
Turn   | Place    | Note
-------+----------+-------------------------------------------
     0 | D:1      | Alarkh the Demonspawn Skald began the quest for the Orb.
     0 | D:1      | Reached XP level 1. HP: 16/16 MP: 3/3
   310 | D:1      | Reached skill level 2 in Unarmed Combat
   443 | D:1      | Gained mutation: You have sharp fingernails. [demonic ancestry]
   443 | D:1      | Reached XP level 2. HP: 6/22 MP: 5/5
  1495 | D:1      | Gained mutation: You have a somewhat thin skeletal structure. (Dex +2, Stealth) [demonic ancestry]
  1495 | D:1      | Reached XP level 3. HP: 28/28 MP: 6/6
  1996 | D:2      | Found a shadowy altar of Dithmenos.
  2058 | D:2      | Found a glowing silver altar of Zin.
  2061 | D:2      | Found a shimmering altar of Xom.
  2061 | D:2      | Found a radiant altar of Vehumet.
  2064 | D:2      | Found a white marble altar of Elyvilon.
  2201 | D:2      | Found a glowing golden altar of the Shining One.
  2699 | D:3      | Noticed Jessica
  2725 | D:3      | Killed Jessica
  2725 | D:3      | Reached skill level 3 in Unarmed Combat
  2725 | D:3      | Gained mutation: You are partially covered in sharp spines. [demonic ancestry]
  2725 | D:3      | Reached XP level 4. HP: 14/34 MP: 7/7
  2913 | D:3      | Found a deep blue altar of Sif Muna.
  3555 | D:4      | Noticed Grinder
  3560 | D:4      | Paralysed by Grinder for 6 turns
  3573 | D:4      | Killed Grinder
  3573 | D:4      | Reached skill level 4 in Unarmed Combat
  3573 | D:4      | Gained mutation: You have a moderately thin skeletal structure. (Dex +4, Stealth+) [demonic ancestry]
  3573 | D:4      | Reached XP level 5. HP: 16/42 MP: 2/8
  3573 | D:4      | Gained mutation: You have very sharp fingernails. [demonic ancestry]
  3573 | D:4      | Reached XP level 6. HP: 18/48 MP: 2/9
  3899 | D:4      | Found a deep blue altar of Sif Muna.
  3972 | D:4      | Found a stormy altar of Qazlal.
  4219 | D:4      | Reached skill level 5 in Unarmed Combat
  4219 | D:4      | Reached XP level 7. HP: 41/52 MP: 8/10
  4461 | D:5      | Entered Level 5 of the Dungeon
  4493 | D:5      | Found a white marble altar of Elyvilon.
  4519 | D:5      | Found a sand-covered staircase.
  4526 | Ossuary  | Entered an ossuary
  5079 | D:5      | Found a sacrificial altar of Ru.
  5567 | D:5      | Reached skill level 5 in Fighting
  5567 | D:5      | Reached skill level 6 in Unarmed Combat
  5567 | D:5      | Reached XP level 8. HP: 54/60 MP: 11/11
  5667 | D:5      | Found an iron altar of Okawaru.
  5681 | D:5      | Became a worshipper of Warmaster Okawaru
  6040 | D:6      | Found Juzung's Jewellery Emporium.
  6042 | D:6      | Bought an uncursed amulet of regeneration for 330 gold pieces
  6042 | D:6      | Bought a cursed ring of teleportation for 49 gold pieces
  6283 | D:6      | Found a staircase to the Ecumenical Temple.
  6292 | Temple   | Entered the Ecumenical Temple
  6516 | D:6      | Reached skill level 5 in Dodging
  6783 | D:7      | Reached skill level 7 in Unarmed Combat
  6949 | D:7      | Reached * piety under Okawaru
  6964 | D:7      | Gained mutation: You regenerate a little health from kills. [demonic ancestry]
  6964 | D:7      | Reached XP level 9. HP: 33/67 MP: 7/12
  7222 | D:7      | Reached skill level 8 in Unarmed Combat
  7469 | D:7      | Reached ** piety under Okawaru
  7521 | D:7      | Noticed Paps's ghost (novice DsFi)
  7579 | D:7      | Killed Paps's ghost
  7831 | D:8      | Reached skill level 9 in Unarmed Combat
  8038 | D:8      | Found an opulent altar of Gozag.
  8238 | D:8      | Found Beani's Book Emporium.
  8304 | D:8      | Noticed a two-headed ogre
  8314 | D:8      | Killed a two-headed ogre
  8314 | D:8      | Gained mutation: You have claws for hands. [demonic ancestry]
  8314 | D:8      | Reached XP level 10. HP: 47/78 MP: 5/13
  8501 | D:9      | Found a hazy altar of Hepliaklqana.
  8577 | D:9      | Reached skill level 10 in Unarmed Combat
  8626 | D:9      | Found a runed door.
  8627 | D:9      | Noticed an orange crystal statue
  8656 | D:9      | Found a runed door.
  8677 | D:9      | Noticed a two-headed ogre
  8696 | D:9      | Killed a two-headed ogre
  8696 | D:9      | Reached *** piety under Okawaru
  8771 | D:9      | Found a staircase to the Lair.
  9194 | D:9      | Found an ancient bone altar of Kikubaaqudgha.
  9263 | D:9      | Reached **** piety under Okawaru
  9394 | D:9      | Noticed a two-headed ogre
  9407 | D:9      | Killed a two-headed ogre
  9407 | D:9      | Reached skill level 11 in Unarmed Combat
  9582 | D:9      | Gained mutation: You regenerate health from kills. [demonic ancestry]
  9582 | D:9      | Reached XP level 11. HP: 81/87 MP: 12/14
  9632 | D:9      | Reached skill level 1 in Armour
  9768 | D:9      | Noticed an orange crystal statue
  9768 | D:9      | Noticed an orange crystal statue
  9768 | D:9      | Noticed an orange crystal statue
  9772 | D:9      | Noticed a two-headed ogre
  9775 | D:9      | Killed an orange crystal statue
  9775 | D:9      | Reached ***** piety under Okawaru
  9880 | D:10     | Entered Level 10 of the Dungeon
 10014 | D:10     | Found a staircase to the Orcish Mines.
 10130 | D:10     | Received a gift from Okawaru
 10136 | D:10     | Reached skill level 1 in Shields
 10273 | D:10     | Noticed a two-headed ogre
 10281 | D:10     | Killed a two-headed ogre
 10687 | D:9      | Killed an orange crystal statue
 10788 | D:9      | Killed an orange crystal statue
 10947 | D:9      | Killed an orange crystal statue
 11041 | D:9      | Reached skill level 13 in Unarmed Combat
 11041 | D:9      | Gained mutation: You are robust. (+10% HP) [demonic ancestry]
 11041 | D:9      | Reached XP level 12. HP: 89/105 MP: 15/15
 11482 | D:11     | Found Syelow's Jewellery Emporium.
 11653 | D:12     | Received a gift from Okawaru
 11962 | D:12     | Noticed a two-headed ogre
 11974 | D:12     | Killed a two-headed ogre
 12048 | D:12     | Noticed Snorg
 12060 | D:12     | Killed Snorg
 12165 | D:12     | Reached skill level 14 in Unarmed Combat
 12165 | D:12     | Reached XP level 13. HP: 106/113 MP: 13/16
 12208 | D:12     | Reached skill level 10 in Fighting
 12885 | D:13     | Received a gift from Okawaru
 13003 | D:13     | Learned a level 3 spell: Regeneration
 13013 | D:13     | Learned a level 2 spell: Song of Slaying
 13370 | D:13     | Found a roughly hewn altar of Beogh.
 13584 | D:13     | Reached skill level 5 in Armour
 13602 | D:13     | Reached ****** piety under Okawaru
 13631 | D:13     | Received a gift from Okawaru
 13639 | D:13     | Reached skill level 5 in Shields
 13777 | D:13     | Reached skill level 10 in Dodging
 13976 | D:13     | Found a gate to the Vaults.
 14010 | D:13     | Reached skill level 15 in Unarmed Combat
 14066 | D:13     | Gained mutation: You are agile. (Dex +2) [mutagenic meat]
 14067 | D:13     | Gained mutation: Your muscles are strong. (Str +2) [mutagenic meat]
 14068 | D:13     | Gained mutation: You have a pair of small horns on your head. [mutagenic meat]
 14137 | D:14     | Gained mutation: You are mostly covered in sharp spines. [demonic ancestry]
 14137 | D:14     | Reached XP level 14. HP: 122/122 MP: 17/17
 14140 | D:14     | Reached skill level 1 in Invocations
 14150 | D:14     | Got a dazzling cloak
 14161 | D:14     | Identified the +0 cloak of Niygio Qout {+Inv rC+ Dex-4} (You found it on level 14 of the Dungeon)
 14469 | D:14     | Noticed Roxanne
 14681 | D:14     | Reached skill level 1 in Stealth
 14834 | D:14     | Reached skill level 1 in Evocations
 15145 | D:14     | Killed Roxanne
 15146 | D:14     | Identified Roxanne's Disquisition on Shape Shifting (You took it off Roxanne on level 14 of the Dungeon)
 15167 | D:15     | Entered Level 15 of the Dungeon
 15230 | D:15     | Gained mutation: You are very agile. (Dex +4) [mutagenic meat]
 15231 | D:15     | Gained mutation: Armour fits poorly on your strangely shaped body. [mutagenic meat]
 15234 | D:15     | Lost mutation: Armour fits poorly on your strangely shaped body. [potion of mutation]
 15234 | D:15     | Lost mutation: You have a pair of small horns on your head. [potion of mutation]
 15234 | D:15     | Lost mutation: Your muscles are strong. (Str +2) [potion of mutation]
 15234 | D:15     | Gained mutation: You are resistant to electric shocks. (rElec) [potion of mutation]
 15234 | D:15     | Gained mutation: You have a pair of small antennae on your head. [potion of mutation]
 15441 | D:15     | Received a gift from Okawaru
 15670 | D:15     | Found a staircase to the Depths.
 15670 | D:15     | Noticed a fire giant
 15822 | D:15     | Killed a fire giant
 16089 | D:15     | Reached skill level 5 in Invocations
 16222 | D:15     | Found a radiant altar of Vehumet.
 16227 | D:15     | Received a gift from Okawaru
 16821 | D:15     | Reached XP level 15. HP: 111/130 MP: 18/18
 17002 | D:15     | Learned a level 1 spell: Apportation
 17198 | Lair:1   | Entered Level 1 of the Lair of Beasts
 17346 | Lair:1   | Noticed Grum
 17356 | Lair:1   | Killed Grum
 17392 | Lair:1   | Noticed Fannar
 17407 | Lair:1   | Killed Fannar
 17491 | Lair:1   | Learned a level 2 spell: Passwall
 17499 | Lair:1   | Noticed Nergalle
 17512 | Lair:1   | Killed Nergalle
 17700 | Lair:1   | Noticed Sonja
 17711 | Lair:1   | Killed Sonja
 17853 | Lair:2   | Found a staircase to the Swamp.
 17989 | Lair:1   | Got a dazzling ring mail
 18000 | Lair:1   | Identified the +7 ring mail of the Sun {rN+ Int+4} (You found it on level 1 of the Lair of Beasts)
 18170 | Lair:2   | Received a gift from Okawaru
 19082 | Lair:3   | Found a labyrinth entrance.
 19137 | Lab      | Entered a labyrinth
 19408 | Lair:3   | Noticed Prince Ribbit
 19419 | Lair:3   | Killed Prince Ribbit
 19429 | Lair:3   | Reached skill level 16 in Unarmed Combat
 20379 | Lair:4   | Found a hole to the Spider Nest.
 20540 | Lair:4   | Reached skill level 5 in Evocations
 22020 | Lair:6   | Entered Level 6 of the Lair of Beasts
 22037 | Lair:6   | Received a gift from Okawaru
 22175 | Lair:6   | Found a staircase to the Slime Pits.
 22303 | Lair:6   | Found a frozen archway.
 22317 | Lair:6   | Reached skill level 5 in Stealth
 22344 | IceCv    | Entered an ice cave
 22369 | IceCv    | Reached XP level 16. HP: 139/139 MP: 21/21
 22685 | IceCv    | Received a gift from Okawaru
 22725 | IceCv    | Got an ancient mace
 23010 | Lair:6   | Received a gift from Okawaru
 23036 | Lair:6   | Identified Mumilul's Papyrus of the Mountains
 23041 | Lair:6   | Identified Naipnan's Collected Works on Assistive Calling
 24024 | Orc:1    | Entered Level 1 of the Orcish Mines
 24224 | Orc:2    | Entered Level 2 of the Orcish Mines
 24226 | Orc:2    | Found a staircase to the Elven Halls.
 24336 | Orc:2    | Noticed Saint Roka
 24461 | Orc:2    | Paralysed by an orc sorcerer for 4 turns
 24487 | Orc:2    | Found a roughly hewn altar of Beogh.
 24491 | Orc:2    | Found Sonaj's Antique Weapon Emporium.
 24565 | Orc:2    | Killed Saint Roka
 24619 | Orc:2    | Found Diawn's General Store.
 24741 | Orc:2    | Found Dysiwn's Antique Armour Emporium.
 24878 | Orc:2    | Found Osej's Jewellery Emporium.
 24884 | Orc:2    | Bought a cursed amulet of inaccuracy for 28 gold pieces
 24884 | Orc:2    | Bought an uncursed ring of protection from fire for 350 gold pieces
 24948 | Orc:2    | Received a gift from Okawaru
 25109 | Orc:2    | Found a roughly hewn altar of Beogh.
 25467 | Swamp:1  | Entered Level 1 of the Swamp
 26152 | Swamp:2  | Noticed Aizul
 26170 | Swamp:2  | Killed Aizul
 26306 | Swamp:2  | Noticed Frances
 26320 | Swamp:2  | Killed Frances
 26621 | Swamp:2  | Reached skill level 17 in Unarmed Combat
 26648 | Swamp:2  | Got a vibrating golden ring
 26673 | Swamp:2  | Identified the ring "Siavvasy" {rCorr *Slow Int+2 Dex+2 Slay+2} (You found it on level 2 of the Swamp)
 26865 | Swamp:3  | Gained mutation: You regenerate a lot of health from kills. [demonic ancestry]
 26865 | Swamp:3  | Reached XP level 17. HP: 141/148 MP: 23/23
 27482 | Swamp:4  | Entered Level 4 of the Swamp
 27672 | Swamp:4  | Received a gift from Okawaru
 27682 | Swamp:4  | Noticed the 27-headed Lernaean hydra
 28248 | Swamp:4  | Killed the 27-headed Lernaean hydra
 28819 | Swamp:4  | Got a decaying rune of Zot
 29208 | Spider:1 | Entered Level 1 of the Spider Nest
 29449 | Spider:1 | Received a gift from Okawaru
 30448 | Spider:3 | Reached XP level 18. HP: 157/157 MP: 24/24
 31409 | Spider:4 | Entered Level 4 of the Spider Nest
 31758 | Spider:4 | Received a gift from Okawaru
 31763 | Spider:4 | Reached skill level 10 in Armour
 31792 | Spider:4 | Noticed Arachne
 31840 | Spider:4 | Killed Arachne
 31879 | Spider:4 | Reached skill level 18 in Unarmed Combat
 32129 | Spider:4 | Received a gift from Okawaru
 32636 | Spider:4 | Got a gossamer rune of Zot
 33054 | Vaults:1 | Entered Level 1 of the Vaults
 33126 | Vaults:1 | Received a gift from Okawaru
 33410 | Vaults:1 | Paralysed by an ogre mage for 6 turns
 33423 | Vaults:1 | Received a gift from Okawaru
 33943 | D:6      | Bought the ring of Exuimuan {MR+ Str+4} for 444 gold pieces
 34326 | Vaults:1 | Reached skill level 10 in Shields
 34326 | Vaults:1 | Reached XP level 19. HP: 167/167 MP: 25/25
 35011 | Vaults:2 | Received a gift from Okawaru
 35415 | Vaults:2 | Found a staircase to the Crypt.
 35949 | Vaults:2 | Reached skill level 19 in Unarmed Combat
 36051 | Vaults:2 | Received a gift from Okawaru
 36253 | Vaults:2 | Got a jewelled scale mail
 36264 | Vaults:2 | Identified the +5 scale mail "Ullic" {+Blink rCorr Str-3 SInv} (You found it on level 2 of the Vaults)
 36338 | Vaults:2 | Reached skill level 10 in Stealth
 36613 | Vaults:2 | Found Mimu's Antique Armour Emporium.
 36644 | Vaults:2 | Bought a crude ring mail for 315 gold pieces
 36654 | Vaults:2 | Identified the cursed +0 ring mail of Huefohoc {Int+2} (You bought it in a shop on level 2 of the Vaults)
 36873 | Vaults:3 | Received a gift from Okawaru
 36939 | Vaults:3 | Reached XP level 20. HP: 167/176 MP: 26/26
 37642 | Vaults:3 | Received a gift from Okawaru
 38459 | Vaults:4 | Found Syluyphu's Weapon Emporium.
 38831 | Vaults:4 | Reached skill level 15 in Fighting
 39360 | Vaults:4 | Received a gift from Okawaru
 40198 | Elf:1    | Entered Level 1 of the Elven Halls
 40253 | Elf:1    | Reached skill level 20 in Unarmed Combat
 40684 | Elf:1    | Received a gift from Okawaru
 40703 | Elf:1    | Gained mutation: You are very robust. (+20% HP) [demonic ancestry]
 40703 | Elf:1    | Reached XP level 21. HP: 178/201 MP: 27/27
 41886 | Elf:2    | Found a runed gate.
 41886 | Elf:2    | Found a runed gate.
 41886 | Elf:2    | Found a runed gate.
 42146 | Elf:2    | Received a gift from Okawaru
 42766 | Elf:3    | Entered Level 3 of the Elven Halls
 43141 | Elf:3    | Received a gift from Okawaru
 43925 | Elf:3    | Noticed Asterion
 43989 | Elf:3    | Killed Asterion
 43989 | Elf:3    | Received a gift from Okawaru
 44048 | Elf:3    | Slain by a Hell Sentinel

Vault maps used:
D:1:      erik_arrival_cave_to_civilisation
D:2:      grunt_dithmenos_smoke_and_mirrors, grunt_temple_overflow_open,
          nicolae_tso_carved_into_rock
D:3:      tgw_sif
D:4:      marbit_many_paths, kennysheep_mini_moat, first_bread,
          minmay_distorted, uniq_grinder
D:5:      nicolae_ru_path_of_blood, okawaru_altar_gauntlet_db,
          nicolae_ossuary_entry_ruins, basic_altar, kennysheep_generic_room_10
D:6:      temple_green, serial_shops, shop
D:8:      grunt_gozag_breadcrumbs, serial_shops, shop
D:9:      lemuel_mausoleum_altar_kikubaaqudgha, nicolae_overflow_crystal_walls,
          lair_entry_dummy, chequers_guarded_unrand_ignorance
D:10:     orc_0_dummy
D:11:     serial_shops, nicolae_shop_behind_doors
D:12:     minmay_weird_star, uniq_snorg
D:13:     hangedman_vaults_entry_quadrant_bands, hangedman_ranch
D:14:     minmay_misc_feat_diagonals, serial_curves, eino_curves_03,
          eino_curves_04, uniq_roxanne
D:15:     grunt_enter_depths_giant_problem, basic_altar
Temple:   dpeg_three_leaves_temple
Lair:1:   infiniplex_staircase_pool, lemuel_fruit_fields, uniq_sonja,
          uniq_fannar, uniq_grum, uniq_nergalle
Lair:2:   swamp_mist, infiniplex_staircase_pool_2, minmay_lair_oklob_chamber,
          grunt_megastairs_4
Lair:3:   lab_entry_generic, lemuel_fruit_tree, grunt_megastairs_1,
          uniq_prince_ribbit2
Lair:4:   spider_nest_entry_rubble, grunt_megastairs_5, serial_bayou_shore_a
Lair:5:   grunt_megastairs_3
Lair:6:   gammafunk_lair_ancient_temple, slime_dummy,
          portal_ice_cave_entry_ice_beasts
Swamp:1:  evilmike_swamp_ruin_wall, swamp_pool4
Swamp:2:  evilmike_swamp_ruin_house_2, uniq_frances, uniq_aizul
Swamp:3:  hangedman_swamp_lotus
Swamp:4:  swamp_old_school, swamp_pool1, lightli_tree_ring
Spider:4: johnstein_spider_rune_arachne_lair, uniq_arachne
Orc:2:    grunt_orc_cross, nicolae_orc_lost_temple
Elf:1:    minmay_elf_arrival_summoners, evilmike_minifort,
          roderic_lattice_octagonal_star
Elf:2:    special_room, item_on_display_a
Elf:3:    minmay_elf_hall_not_hex, uniq_asterion
Vaults:1: v_misc_2, nicolae_vaults_inception_corners,
          nicolae_vaults_shelves_hall, hangedman_vaults_slither,
          nicolae_vaults_an_arrangement, vaults_room_fours,
          hangedman_vaults_cutoff, vaults_mumra_minichess_inversion, v_misc_13
Vaults:2: nicolae_vaults_ninety_degrees, minmay_crypt_entry_skeletal_spiral,
          v_misc_33, v_rooms_1, v_misc_8, vaults_room_door_ring,
          ontoclasm_vaults_chip, st_cross, nicolae_vaults_puzzle_piece,
          hangedman_vaults_hat, ontoclasm_vaults_pinch,
          ontoclasm_vaults_ring_small, nicolae_vaults_little_squares_4,
          serial_shops, nicolae_shop_overgrown_old_shop
Vaults:3: v_misc_11, v_rooms_6, v_misc_28, v_misc_13,
          vaults_standard_mumra_enter_the_diamond, ontoclasm_vaults_hangar,
          ontoclasm_vaults_gateway, stair_cage_open
Vaults:4: nicolae_vaults_meeting, v_misc_18, grunt_vaults_hallway_short,
          vaults_standard_mumra_enter_the_diamond, vaults_dpeg_spiral,
          nicolae_vaults_little_squares_6, grunt_vaults_funnel,
          ontoclasm_vaults_decontamination, v_misc_32,
          nicolae_vaults_border_crossing, vaults_room_door_ring,
          nicolae_vaults_windows_and_doors_thing, serial_shops, shop
Lab:      labyrinth_hidden_loot, lab_fountain, nicolae_lab_checkerboard,
          nicolae_lab_grate, labyrinth_skeletal_remains, nicolae_lab_arrow,
          nicolae_lab_blocks
Ossuary:  ossuary_tomb_3
IceCv:    ice_cave_tombish

Skill      XL: |  1  2  3  4  5  6  7  8  9 10 11 12 13 14 15 16 17 18 19 20 21 |
---------------+----------------------------------------------------------------+-----
Unarmed Combat | 2 3 4 5 6 7 9 11 13 14 15 16 17 18 19 20 | 20.7
Dodging        | 2 3 4 5 6 8 9 10 11 12 13 14 | 14.7
Fighting       | 3 4 5 6 7 9 10 11 12 13 14 15 16 | 16.0
Armour         | 2 3 5 6 8 9 10 11 12 | 12.8
Shields        | 2 3 5 6 7 8 9 10 11 12 | 12.7
Invocations    | 5 7 9 |  9.0
Stealth        | 3 5 6 7 9 10 | 10.0
Evocations     | 3 5 6 8 |  8.0
Spellcasting   | |  2.0
Charms         | |  2.6

Action                   |  1- 3 |  4- 6 |  7- 9 | 10-12 | 13-15 | 16-18 | 19-21 || total
-------------------------+-------+-------+-------+-------+-------+-------+-------++-------
Melee: Unarmed           |   167 |    43 |   289 |   483 |  1709 |  2161 |  2238 ||  7090
       Punch             |       |     1 |     8 |    15 |       |       |       ||    24
       Morningstar       |       |       |       |       |    20 |   111 |    93 ||   224
       Headbutt          |       |       |       |       |    27 |       |       ||    27
Invok: Heroism           |       |       |     2 |    10 |    14 |    11 |     8 ||    45
       Finesse           |       |       |       |       |     1 |     4 |     4 ||     9
 Abil: Evoke Berserk Rag |     1 |     1 |     4 |     1 |     1 |       |       ||     8
Evoke: Wand              |       |       |       |       |     4 |       |       ||     4
  Use: Scroll            |     3 |     4 |     7 |     9 |    15 |    11 |     3 ||    52
       Potion            |     1 |     1 |       |     2 |     2 |     5 |     5 ||    16
 Stab: Sleeping          |     2 |     2 |     6 |     8 |    19 |    31 |    27 ||    95
       Distracted        |       |       |       |       |     4 |     6 |     1 ||    11
  Eat: Chunk             |     7 |     5 |    14 |    10 |    39 |    41 |    34 ||   150
       Meat ration       |       |       |     1 |     1 |     1 |       |       ||     3
Armor: Leather armour    |    59 |     4 |    53 |    41 |       |       |       ||   157
       Troll leather arm |       |       |       |     6 |    41 |       |       ||    47
       Scale mail        |       |       |       |     2 |       |       |   148 ||   150
       Ring mail         |       |       |       |       |    76 |   511 |    63 ||   650
Dodge: Dodged            |   117 |    25 |   191 |   279 |   506 |  1210 |   667 ||  2995
Block: Large shield      |       |       |       |   146 |  1553 |  2756 |  2190 ||  6645
